 Dungeon Crawl Stone Soup version 0.30.1-4-g462c640d31 (webtiles) character file.

Game seed: 12782903904464858550

19764 Anriel the Basher (level 13, -14/102 HPs)
             Began as a Human Gladiator on Aug 25, 2023.
             Was an Initiate of Gozag.
             Demolished by Erolcha
             ... wielding a +1 spectral giant club
              (18 damage)
             ... on level 12 of the Dungeon.
             The game lasted 01:04:55 (13604 turns).

Anriel the Basher (Human Gladiator)                Turns: 13604, Time: 01:04:56

Health: -14/102    AC: 31    Str: 28    XL:     13   Next: 7%
Magic:  13/13      EV: 10    Int:  8    God:    Gozag
Gold:   830        SH: 20    Dex: 19    Spells: 12/12 levels left

rFire   + . .        w - +5 flail of Hungering Terror {pain, rPois rN+ Dex+4}
rCold   + . .        l - +0 tower shield
rNeg    + + .        M - +10 plate armour {ponderous}
rPois   +            c - +0 helmet
rElec   +            g - +1 cloak {rPois}
rCorr   +            (no gloves)
SInv    .            d - +0 pair of boots
Will    .....        b - amulet "Vazuk" {Reflect rCorr SH+5 Stlth+} Stlth
                     n - +6 ring of strength
HPRegen 0.37/turn    e - ring of positive energy
MPRegen 0.13/turn

%: reflection
@: silenced, resistant, hasted, very quick
A: iridescent scales 1, strong 1
a: Renounce Religion


You were on level 12 of the Dungeon.
You worshipped Gozag.
Gozag was pleased with you.
You visited 2 branches of the dungeon, and saw 13 of its levels.
You also visited: Sewer and Bailey.

You collected 2826 gold pieces.
You spent 804 gold pieces at shops.
You paid 1192 gold pieces to Gozag.

Inventory:

Hand Weapons
 u - a +3 flail of holy wrath
 w - the +5 flail of Hungering Terror (weapon) {pain, rPois rN+ Dex+4}
   (You found it on level 7 of the Dungeon)

   Dex:       It affects your dexterity (+4).
   rPois:     It protects you from poison.
   rN:        It protects you from negative energy.
 A - the +6 whip of Disaster {drain, rC++ Str-2 Dex+4}
   (You found it on level 8 of the Dungeon)

   Str:       It affects your strength (-2).
   Dex:       It affects your dexterity (+4).
   rC:        It greatly protects you from cold.
Missiles
 x - 5 boomerangs (quivered)
Armour
 c - a +0 helmet (worn)
 d - a +0 pair of boots (worn)
 g - a +1 cloak of poison resistance (worn)
 l - a +0 tower shield (worn)
 M - a +10 plate armour of ponderousness (worn)
Magical Staves
 J - the staff of poison "Itetusem" {rPois rF+ Int+4}
   (You found it on level 10 of the Dungeon)

   [staff of poison]

   Base accuracy: +5 Base damage: 5 Base attack delay: 1.2 This weapon's minimum
   attack delay (0.6) is reached at skill level 12.
   Int:       It affects your intelligence (+4).
   rF:        It protects you from fire.
   rPois:     It protects you from poison.
   It falls into the 'Staves' category.
   It is a one-handed weapon.
Jewellery
 b - the amulet "Vazuk" (around neck) {Reflect rCorr SH+5 Stlth+}
   (You acquired it on level 1 of the Dungeon)

   [amulet of reflection]

   It reflects blocked missile attacks.
   rCorr:     It protects you from acid and corrosion.
   SH:        It affects your SH (+5).
   Stlth:     It makes you more stealthy.
 e - a ring of positive energy (right hand)
 j - a +6 ring of intelligence
 n - a +6 ring of strength (left hand)
 q - a ring of wizardry
 D - a +6 ring of strength
Wands
 i - a wand of iceblast (5)
 r - a wand of mindburst (10)
 z - a wand of flame (18)
 I - a wand of digging (4)
Scrolls
 p - 4 scrolls of teleportation
 t - 3 scrolls of enchant weapon
 y - 2 scrolls of fear
 B - 3 scrolls of fog
 G - a scroll of magic mapping
 H - a scroll of silence
 L - a scroll of poison
Potions
 a - a potion of brilliance
 f - a potion of resistance
 h - 2 potions of might
 m - a potion of haste
 o - 2 potions of flight
 s - a potion of curing
 v - a potion of lignification
 C - 2 potions of magic
 F - a potion of ambrosia
 K - a potion of mutation
Miscellaneous
 E - a condenser vane


   Skills:
 + Level 9.7 Fighting
 - Level 10.0 Maces & Flails
 - Level 0.3 Ranged Weapons
 + Level 6.2 Throwing
 - Level 10.0 Armour
 * Level 8.9 Dodging
 - Level 5.0 Shields
 - Level 5.1 Evocations


You had 12 spell levels left.
You didn't know any spells.
Your spell library contained the following spells:

 Spells                   Type           Power      Damage    Failure   Level
 Necrotise                Necr           0%         1d4       100%        1
 Blink                    Tloc           0%         N/A       100%        2
 Lesser Beckoning         Tloc           0%         N/A       100%        2
 Momentum Strike          Conj/Tloc      0%         3d8       100%        2
 Scorch                   Fire           0%         2d5       100%        2
 Vampiric Draining        Necr           0%         2d6       100%        3
 Flame Wave               Conj/Fire      0%         2d4       100%        4
 Agony                    Necr           0%         N/A       100%        5
 Blade Hands              Tmut           0%         N/A       100%        5
 Borgnjor's Vile Clutch   Necr/Erth      0%         N/A       100%        5
 Irradiate                Conj/Tmut      0%         3d11      100%        5
 Summon Forest            Summ/Tloc      0%         N/A       100%        5
 Death Channel            Necr           0%         N/A       100%        6
 Eringya's Noxious Bog    Tmut/Pois      0%         N/A       100%        6
 Summon Cactus Giant      Summ           0%         N/A       100%        6
 Dragon Form              Tmut           0%         N/A       100%        7
 Summon Hydra             Summ           0%         N/A       100%        7
 Animate Dead             Necr           Unusable   N/A       N/A         4

Dungeon Overview and Level Annotations

Branches:
Dungeon (12/15)            Temple (1/1) D:7            Lair (0/5) D:11
  Sewer (visited)          Bailey (visited)
    Orc: D:9-12

Altars:
Ashenzari
Cheibriados
Dithmenos
Elyvilon
Fedhas
Gozag
Hepliaklqana
Kikubaaqudgha
Makhleb
Nemelex Xobeh
Okawaru
Qazlal
Ru
Sif Muna
Trog
Uskayaw
Vehumet
Wu Jian
Xom
Yredelemnul
Zin
The Shining One

Shops:
D:3 (   D:7 [

Annotations:
D:12 Erolcha


Innate Abilities, Weirdness & Mutations

You are partially covered in iridescent scales. (AC +2)
Your muscles are strong. (Str +4, Int/Dex -1)


Message History

The yak gores you!
You hit the yak.
The yak is almost dead.
You block the yak's attack.
You thump the yak!
You kill the yak!
You can't see any enemies this would affect, really read the scroll of silence?
As you read the scroll of silence, it crumbles to dust.
A profound silence engulfs you.
You hit something. You barely miss something.
Something hits you but does no damage.
You block the +1 spectral giant club's attack.
A +1 spectral giant club comes into view.
You completely miss something.
You block the +1 spectral giant club's attack.
You hit the +1 spectral giant club but do no damage.
You block the +1 spectral giant club's attack.
Something hits you but does no damage.
The +1 spectral giant club hits you but does no damage.
You hit the +1 spectral giant club but do no damage.
You block the +1 spectral giant club's attack.
You bludgeon something!! The +1 spectral giant club hits you.
Something hits you.
* * * LOW HITPOINT WARNING * * *
The +1 spectral giant club hits you!
* * * LOW HITPOINT WARNING * * *
Unknown command.
You hit something.
Erolcha appears from thin air!
Reactivating autopickup.
The +1 spectral giant club hits you.
* * * LOW HITPOINT WARNING * * *
Aiming: Mindburst
Press: ? - help, Shift-Dir - straight line, f/p - Erolcha
Aim: Erolcha, wielding a +1 spectral giant club and wearing a +0 robe (silenced, severely wounded, chance to affect: 50%) Erolcha resists with significant effort.
The +1 spectral giant club hits you!
* * * LOW HITPOINT WARNING * * *
Erolcha hits you with a +1 spectral giant club!!
You die...
Your body crumbles into a pile of gold.

###....#########
.............#
.............#
.............#
.............#
.............#
.............#
####.......######+#######
#...........#@........
#..........$O(........
#...........#.........
########....########..
#......# #......#
#......# #......#
#......#


You could see Erolcha and a +1 spectral giant club.

Vanquished Creatures
  Gastronok (D:10)
  Kirke (D:12)
  2 vault guards (Bailey)
  A hydra (D:10)
  A centaur warrior (D:11)
  2 two-headed ogres
  2 cyclopes
  2 centaur zombies (D:7)
  A centaur skeleton (D:7)
  Maggie (D:6)
  An unseen horror (D:12)
  A komodo dragon (D:11)
  2 trolls
  2 hellwings (D:7)
  A blink frog (Bailey)
  Grinder (D:6)
  Prince Ribbit (D:9)
  2 shadows
  3 wraiths (D:10)
  A human (Bailey)
  3 steam dragons
  21 yaks
  12 vampire mosquitoes
  Edmund (D:6)
  2 water moccasins
  2 acid dragons
  Pargi (Sewer)
  An orc warrior (D:10)
  A sky beast (D:7)
  2 ice beasts
  A black bear (D:5)
  An ogre (D:6)
  6 centaurs
  A kobold brigand (D:7)
  A gnoll sergeant (D:2)
  9 bullfrogs
  3 scorpions
  7 wights
  3 killer bees (D:9)
  2 howler monkeys
  2 jellies
  3 orc priests
  A human zombie (D:5)
  2 sleepcaps (D:6)
  4 iguanas
  5 orc wizards
  8 gnolls
  A river rat (D:6)
  9 adders
  3 shadow imps (D:7)
  A white imp (D:6)
  An ufetubus (D:7)
  7 worms
  29 orcs
  7 ball pythons
  8 endoplasms
  6 giant cockroaches
  5 goblins
  5 hobgoblins
  5 jackals (D:4)
  11 kobolds
  3 quokkas
  2 bats
  4 frilled lizards
  A goblin zombie (D:5)
  A kobold zombie (D:5)
  5 rats
248 creatures vanquished.

Vanquished Creatures (collateral kills)
  A centaur zombie (D:7)
  A centaur skeleton (D:7)
  A boggart zombie (D:7)
  2 boggart skeletons (D:7)
  A shadow imp (D:7)
6 creatures vanquished.

Vanquished Creatures (others)
  A centaur (D:7)
  An orc wizard (D:3)
  An orc (D:7)
3 creatures vanquished.

Grand Total: 257 creatures vanquished

Notes
Turn   | Place    | Note
-------+----------+-------------------------------------------
     0 | D:1      | Anriel the Human Gladiator began the quest for the Orb.
     0 | D:1      | Reached XP level 1. HP: 16/16 MP: 1/1
   158 | D:1      | Reached XP level 2. HP: 22/22 MP: 2/2
   229 | D:1      | Reached skill level 1 in Armour
   715 | D:1      | Reached XP level 3. HP: 26/27 MP: 3/3
   901 | D:1      | Identified a scroll of acquirement
   901 | D:1      | Acquired the amulet "Vazuk" {Reflect rCorr SH+5 Stlth+}
  1626 | D:2      | Reached XP level 4. HP: 34/34 MP: 4/4
  1856 | D:3      | Found Noxkubru's Weapon Shoppe.
  1960 | D:3      | Reached XP level 5. HP: 17/40 MP: 5/5
  2377 | D:2      | HP: 2/41 [gnoll sergeant/+0 spear (3)]
  2617 | D:2      | Reached XP level 6. HP: 33/47 MP: 6/6
  3026 | D:3      | Reached skill level 1 in Shields
  3490 | D:4      | Acquired 1036 gold pieces
  3754 | D:4      | Identified the +6 dagger of Cagan {heavy, rElec rN+}
  3756 | D:4      | Gained mutation: Your body sometimes deteriorates upon
                  | taking damage. [potion of mutation]
  3756 | D:4      | Gained mutation: You are robust. (+10% HP) [potion of
                  | mutation]
  4039 | D:5      | Entered Level 5 of the Dungeon
  4112 | D:5      | Noticed a black bear
  4122 | D:5      | Killed a black bear
  4123 | D:5      | Reached XP level 7. HP: 51/58 MP: 7/7
  4348 | D:5      | Found a runed translucent door.
  4348 | D:5      | Noticed a human
  4354 | D:5      | Found a basalt altar of Yredelemnul.
  4512 | D:5      | Reached XP level 8. HP: 56/67 MP: 8/8
  4846 | D:6      | Found a glowing drain.
  4850 | Sewer    | Entered a sewer
  4923 | Sewer    | Noticed Pargi
  4939 | Sewer    | Killed Pargi
  4940 | Sewer    | Reached skill level 5 in Shields
  5114 | D:6      | Found a hide-covered altar of Uskayaw.
  5188 | D:6      | Found an ornate altar of the Wu Jian Council.
  5197 | D:6      | Reached skill level 5 in Fighting
  5200 | D:6      | Reached skill level 5 in Maces & Flails
  5322 | D:6      | Reached skill level 1 in Evocations
  5324 | D:6      | Noticed Grinder
  5324 | D:6      | Paralysed by Grinder for 4 turns
  5339 | D:6      | Killed Grinder
  5340 | D:6      | Reached XP level 9. HP: 69/74 MP: 9/9
  5560 | D:6      | Noticed Maggie
  5576 | D:6      | Killed Maggie
  5577 | D:6      | Reached skill level 5 in Armour
  5700 | D:6      | Noticed Edmund
  5730 | D:6      | Killed Edmund
  5737 | D:6      | Lost mutation: Your body sometimes deteriorates upon taking
                  | damage. [potion of mutation]
  5737 | D:6      | Lost mutation: You are robust. (+10% HP) [potion of
                  | mutation]
  5737 | D:6      | Gained mutation: Armour fits poorly on your strangely
                  | shaped body. [potion of mutation]
  6300 | D:7      | Identified the +5 flail of Hungering Terror {pain, rPois
                  | rN+ Dex+4}
  6413 | D:7      | Reached skill level 5 in Throwing
  6669 | D:7      | Noticed a hellwing
  6670 | D:7      | Noticed a hellwing
  6691 | D:7      | Killed a hellwing
  6692 | D:7      | Reached skill level 5 in Dodging
  6714 | D:7      | Killed a hellwing
  6715 | D:7      | Reached skill level 5 in Evocations
  6715 | D:7      | Reached XP level 10. HP: 40/74 MP: 10/10
  6933 | D:7      | Found a staircase to the Ecumenical Temple.
  6969 | Temple   | Entered the Ecumenical Temple
  7427 | Temple   | Became a worshipper of Gozag Ym Sagoz the Greedy
  7453 | D:7      | Bought a glowing cloak for 180 gold pieces
  7774 | D:7      | Found a bloodstained altar of Trog.
  8021 | D:8      | Found a blossoming altar of Fedhas.
  8057 | D:8      | Found a transporter.
  8058 | D:8      | Found a transporter.
  8075 | D:8      | Found a transporter.
  8075 | D:8      | Found a transporter.
  8256 | D:8      | Found a transporter.
  8256 | D:8      | Found a transporter.
  8333 | D:8      | Identified the +6 whip of Disaster {drain, rC++ Str-2
                  | Dex+4}
  8652 | D:8      | Reached XP level 11. HP: 83/83 MP: 11/11
  8980 | D:9      | Found a flagged portal.
  8991 | Bailey   | Entered a bailey
  9072 | Bailey   | Noticed a vault guard
  9095 | Bailey   | Killed a vault guard
  9122 | Bailey   | Noticed a vault guard
  9150 | Bailey   | Killed a vault guard
  9869 | D:9      | Lost mutation: Armour fits poorly on your strangely shaped
                  | body. [potion of mutation]
  9869 | D:9      | Gained mutation: You are partially covered in iridescent
                  | scales. (AC +2) [potion of mutation]
  9869 | D:9      | Gained mutation: Your muscles are strong. (Str +4, Int/Dex
                  | -1) [potion of mutation]
 10115 | D:9      | Noticed Prince Ribbit
 10129 | D:9      | Killed Prince Ribbit
 10202 | D:10     | Entered Level 10 of the Dungeon
 10202 | D:10     | Noticed a two-headed ogre
 10202 | D:10     | Noticed a four-headed hydra
 10434 | D:10     | Reached skill level 10 in Maces & Flails
 10568 | D:10     | Found a shadowy altar of Dithmenos.
 10737 | D:10     | Noticed Gastronok
 10761 | D:10     | Killed Gastronok
 10762 | D:10     | Reached XP level 12. HP: 59/93 MP: 12/12
 10793 | D:10     | Identified the staff of poison "Itetusem" {rPois rF+ Int+4}
 10831 | D:10     | Killed a two-headed ogre
 10927 | D:10     | Killed a four-headed hydra
 11138 | D:10     | Found an ancient bone altar of Kikubaaqudgha.
 11140 | D:10     | Found a glowing golden altar of the Shining One.
 11569 | D:11     | Noticed a centaur warrior
 11576 | D:11     | Killed a centaur warrior
 11577 | D:11     | Reached skill level 10 in Armour
 11590 | D:11     | Found a sacrificial altar of Ru.
 11716 | D:11     | Noticed a two-headed ogre
 11726 | D:11     | Killed a two-headed ogre
 11925 | D:11     | Found a staircase to the Lair.
 12235 | D:7      | Bought a runed plate armour for 624 gold pieces
 13271 | D:12     | Noticed Kirke
 13534 | D:12     | Killed Kirke
 13535 | D:12     | Reached XP level 13. HP: 101/101 MP: 13/13
 13566 | D:12     | Noticed Erolcha
 13604 | D:12     | HP: 4/102 [+1 spectral giant club[Erolcha] (8)]
 13604 | D:12     | Demolished by Erolcha

Illustrated notes

Levels and vault maps discovered:
D:1:      psy_arrival_heroes, layout_loops_corners, serial_bayou_pond_d,
          roderic_roman_lattice
D:2:      layout_basic, hangedman_decor_push
D:3:      layout_loops_corners, serial_shops, nicolae_shop_bloodbath_and_beyond
D:4:      layout_basic, st_stairs_13, minmay_misc_feat_room, nicolae_wormholes
D:5:      minmay_spotlight, layout_rooms, dk_yredelemnul_ordeal,
          kennysheep_cross_bottleneck
D:6:      layout_basic, mainiacjoe_overflow_catwalk,
          mainiacjoe_overflow_six_doors_small, gup_sewer_entry_spiral,
          uniq_grinder, uniq_edmund, uniq_maggie
D:7:      cheibrodos_grave_circle, layout_basic, trog_book,
          minmay_temple_entry_stoned_glass
D:8:      layout_loops_cross, kennysheep_mini_moat, serial_nicolae_subway,
          nicolae_sub_station_stone, nicolae_sub_station_crystal,
          nicolae_sub_station_metal
D:9:      layout_loops_corners, enter_bailey_2, uniq_prince_ribbit1
D:10:     layout_roguey, grunt_dithmenos_shadows,
          amethyst_overflow_temple_binary, uniq_gastronok
D:11:     layout_basic, lair_entry_dummy, nicolae_ru_awakened_eye
D:12:     layout_grid_maze, orc_0_dummy, uniq_kirke, uniq_sonja, uniq_erolcha
Temple:   dpeg_chambers_temple

Skill      XL: |  1  2  3  4  5  6  7  8  9 10 11 12 |
---------------+-------------------------------------+-----
Armour         | 1 2 3 4 5 6 8 10 | 10.0
Fighting       | 3 4 5 6 8 9 |  9.7
Throwing       | 3 5 6 |  6.2
Shields        | 2 4 5 |  5.0
Maces & Flails | 4 5 8 10 | 10.0
Evocations     | 2 5 |  5.1
Dodging        | 5 6 8 |  8.9
Ranged Weapons | |  0.3

Action                     |  1- 3 |  4- 6 |  7- 9 | 10-12 | 13-15 || total
---------------------------+-------+-------+-------+-------+-------++-------
  Melee: Flail             |    64 |   184 |   290 |   556 |    24 ||  1118
         Unarmed           |       |       |       |     4 |       ||     4
   Fire: Sling             |     4 |       |       |       |       ||     4
  Throw: Javelin           |       |     2 |       |       |       ||     2
         Throwing net      |       |     4 |       |     1 |       ||     5
         Boomerang         |       |       |       |    45 |     2 ||    47
 Invoke: Potion Petition   |       |       |       |     1 |       ||     1
         Call Merchant     |       |       |       |     1 |       ||     1
  Evoke: Wand              |       |       |    10 |    14 |     1 ||    25
         Condenser vane    |       |       |       |     1 |       ||     1
    Use: Scroll            |     5 |     9 |     7 |    11 |     1 ||    33
         Potion            |       |     3 |     3 |     8 |     3 ||    17
   Stab: Held in net/web   |       |     1 |       |       |       ||     1
         Distracted        |       |       |       |     1 |       ||     1
 Armour: Chain mail        |    28 |    73 |    19 |       |       ||   120
         Plate armour      |       |       |    83 |   273 |     7 ||   363
         Skin              |       |       |       |     4 |       ||     4
  Dodge: Dodged            |    23 |    52 |    62 |   175 |     4 ||   316
  Block: Buckler           |     4 |    32 |       |       |       ||    36
         Kite shield       |       |    83 |   238 |   400 |       ||   721
         Reflection        |       |       |     5 |    10 |       ||    15
         Tower shield      |       |       |       |   121 |    23 ||   144
         Other             |       |       |       |     4 |       ||     4
